 Dungeon Crawl Stone Soup version 0.21.1-1-g345015fe64 (webtiles) character file.

89166 Kohma the Peltast (level 15, -4/76 HPs)
             Began as a Gargoyle Fighter on June 24, 2018.
             Was an Elder of Trog.
             Killed from afar by a hellion (31 damage)
             ... with damnation
             ... on level 2 of the Abyss.
             The game lasted 01:57:21 (29761 turns).

Kohma the Peltast (Gargoyle Fighter)               Turns: 29761, Time: 01:57:22

Health: -4/76      AC: 35    Str: 20 (22) XL:     15   Next: 96%
Magic:  11/14      EV: 14    Int:  4 (7)  God:    Trog [****..]
Gold:   2487       SH: 27    Dex:  6 (7)  Spells: 14/14 levels left

rFire    + . .     SeeInvis .   B - +6 mace (venom)
rCold    . . .     Gourm    .   b - +0 large shield
rNeg     + + +     Faith    .   x - +9 ring mail "Rosum" {rF+ rN++}
rPois    ∞         Spirit   .   k - +1 helmet
rElec    +         Reflect  +   s - +0 cloak
rCorr    .         Harm     .   K - +0 pair of gloves
MR       ++...     Rnd*Rage +   w - +0 pair of boots (curse) Stlth ..........Rnd*Tele +
                                N - +3 amulet of reflection
HPRegen  0.22/turn              l - +4 ring of evasion
MPRegen  0.14/turn              C - ring of protection from magic

@: flying, silenced
A: big wings, large bone plates 1, [berserk 1], [blurry vision 2], [clumsy 2],
[deterioration 2], [dopey 1], [frail 2], [low mp 3], negative energy resistance
1, [screaming 2], electricity resistance, [teleportitis 2], [weak 1],
unbreathing, petrification resistance, [no potion heal 2], rot immunity,
[subdued magic 1], AC +11
a: Stop Flying, Renounce Religion


You were on level 2 of the Abyss.
You worshipped Trog.
Trog was greatly pleased with you.
You were very full.

You visited 6 branches of the dungeon, and saw 25 of its levels.
You visited the Abyss 1 time.

You collected 2567 gold pieces.
You spent 80 gold pieces at shops.

Inventory:

Hand Weapons
 a - a +2 flail of protection
 t - a +4 flail of venom
 B - a +6 mace of venom (weapon)
 L - a +2 hunting sling of flaming
Missiles
 v - 5 silver tomahawks (quivered)
 H - 61 sling bullets
Armour
 b - a +0 large shield (worn)
 k - a +1 helmet (worn)
 s - a +0 cloak (worn)
 w - a cursed +0 pair of boots (worn)
 x - the +9 ring mail "Rosum" (worn) {rF+ rN++}
   (You found it on level 8 of the Dungeon)

   It protects you from fire.
   It greatly protects you from negative energy.
 K - a +0 pair of gloves (worn)
 Q - +0 acid dragon scales
Jewellery
 l - a +4 ring of evasion (left hand)
 C - a ring of protection from magic (right hand)
 I - an uncursed ring of protection from cold
 N - a +3 amulet of reflection (around neck)
Wands
 i - a wand of paralysis (22)
 n - a wand of disintegration (13)
 z - a wand of polymorph (13)
 A - a wand of clouds (6)
Scrolls
 j - a scroll of magic mapping
 q - 2 scrolls of blinking
 y - a scroll of fear
 F - 6 scrolls of remove curse
 O - a scroll of teleportation
 P - a scroll of enchant armour
 U - 2 scrolls of fog
Potions
 d - 2 potions of might
 e - 2 potions of invisibility {unknown}
 g - 3 potions of agility
 h - a potion of lignification {unknown}
 m - 5 potions of mutation
 o - 4 potions of brilliance
 p - 5 potions of haste
 r - 9 potions of curing
 u - 2 potions of cancellation
 E - 5 potions of heal wounds
 R - 2 potions of ambrosia {unknown}
 S - 3 potions of flight {unknown}
Miscellaneous
 J - 2 sacks of spiders
 M - a fan of gales
Comestibles
 f - 33 rations


   Skills:
 - Level 11.8 Fighting
 - Level 14.0 Maces & Flails
 - Level 12.5 Armour
 + Level 5.0 Dodging
 * Level 17.1 Shields
 - Level 6.7 Evocations


You had 14 spell levels left.
You didn't know any spells.

Dungeon Overview and Level Annotations

Branches:
Dungeon (13/15)            Temple (1/1) D:5            Lair (6/6) D:11
  Swamp (0/4) Lair:2       Spider (1/4) Lair:4        Slime (0/5) Lair:6
    Orc (2/2) D:9             Elf (2/3) Orc:2
 Vaults: D:13-14

Altars:
Ashenzari
Cheibriados
Dithmenos
Elyvilon
Fedhas
Gozag
Hepliaklqana
Kikubaaqudgha
Makhleb
Nemelex Xobeh
Okawaru
Qazlal
Ru
Sif Muna
Trog
Uskayaw
Vehumet
Wu Jian
Xom
Yredelemnul
Zin
The Shining One
Beogh

Shops:
D:8 *   Orc:1 =   Orc:2 ::([   Elf:1 [

Annotations:
D:10 exclusion: downstairs


Innate Abilities, Weirdness & Mutations

You are resistant to torment.
Your stone body is resilient. (AC +11)
You are immune to poison.
Your large and strong wings let you fly indefinitely.
You resist negative energy. (rN+)
You are resistant to electric shocks. (rElec)
You can survive without breathing.
You are immune to petrification.
You are immune to rotting.
You are partially covered in large bone plates. (SH +4)
[You tend to lose your temper in combat.]
[Scrolls take you longer to read.]
[You are very clumsy. (Dex -4)]
[Your body often deteriorates upon taking damage.]
[You are dopey. (Int -2)]
[You are very frail. (-20% HP)]
[Your magical capacity is extremely low. (-30% MP)]
[You sometimes yell uncontrollably at your foes.]
[You are sometimes teleported next to monsters.]
[You are weak. (Str -2)]
[Potions are poor at restoring your health.]
[Your spells are a little easier to cast, but a little less powerful.]


Message History

You start resting.
You are suddenly pulled into a different region of the Abyss!
There is an open door here.
Found 43 gold pieces.
You now have 2487 gold pieces (gained 43).
A small abomination comes into view.
Something hits you!
You feel your power leaking away.
Deactivating autopickup; reactivate with Ctrl-A.
A hellion comes into view.
The hellion gestures at you.
The sphere of damnation explodes!
The damnation engulfs you!
Ouch! That really hurt!
Your body deteriorates!
You feel weakened.
Press: ? - help, v - describe, . - travel The floor.
A small abomination comes into view.
The hellion gestures at you.
The sphere of damnation explodes!
The damnation engulfs you!
You die...

. #. ## ##.. ##. .##
..#.# ... #..## # #
....x## #.# # #.≈#.#.
#....#..## . .#≈.# ...
#....##. ...≈≈≈###.
#.##2@#####....##..# #
#....##.≈..≈≈#...# ..
#.###§{#.≈.≈x≈ ≈#.## #
#....##...x≈≈≈≈##.#...
#......###≈♣≈≈ ..#.###
#...... ....≈.##..#..#
#.###..≈.≈...##..#. .#
#. ..≈≈..≈..#....#.##
# ##♣≈≈#.≈≈.#.....#..


You could see a hellion and a small abomination.

Vanquished Creatures
  Donald (Elf:1)
  A deep elf sorcerer (Elf:1)
  A deep elf death mage (Elf:1)
  10 hydras
  3 dancing weapons (Elf:1)
  5 two-headed ogres
  A tengu warrior (D:13)
  A wretched star (Abyss:2)
  9 deep elf knights (Elf:1)
  2 sixfirhies (Abyss:2)
  5 deep elf archers (Elf:1)
  A large abomination (Abyss:2)
  An orange crystal statue (D:9)
  18 deep elf magi (Elf:1)
  Pikel (D:9)
  2 orc knights (Orc:2)
  2 cyclopes
  2 wolf spiders (Lair:4)
  2 orc sorcerers (Orc:2)
  2 ugly things
  Joseph (D:9)
  4 molten gargoyles (D:9)
  3 black mambas
  A centaur zombie (D:12)
  13 spiny frogs
  5 komodo dragons
  A tormentor (Abyss:2)
  2 ancient zymes (Abyss:2)
  A demonic crawler (Lair:4)
  A queen bee (D:12)
  A jumping spider (Lair:4)
  4 trolls
  3 meliai (D:12)
  3 polar bears (Lair:6)
  7 dream sheep (Lair:6)
  5 hornets (Lair:6)
  13 blink frogs
  13 hippogriffs
  Prince Ribbit (D:7)
  3 raiju (Abyss:2)
  An air elemental (Elf:1)
  A wyvern (Lair:3)
  12 spriggans (Lair:6)
  2 wraiths (D:10)
  3 vampires
  32 yaks
  Eustachio (D:5)
  3 hogs (D:9)
  2 neqoxecs (Abyss:2)
  2 fire elementals (Elf:1)
  A human (D:9)
  5 basilisks
  A hungry ghost (D:8)
  A steam dragon (D:11)
  Menkaure (D:7)
  2 wargs (Orc:2)
  Edmund (D:6)
  An acid dragon (D:12)
  2 soldier ants
  10 water moccasins
  5 porcupines
  4 phantoms
  3 sky beasts
  2 eyes of draining
  13 orc warriors
  4 slaves (D:9)
  4 black bears
  3 ice beasts
  2 ogres
  6 centaurs
  4 boggarts (Lair:6)
  25 wolves
  22 crocodiles
  A big kobold (D:12)
  Blork the orc (D:5)
  A gnoll sergeant (D:9)
  12 bullfrogs
  5 scorpions
  25 killer bees
  A water moccasin skeleton (D:12)
  6 howler monkeys
  3 electric eels (Lair:2)
  5 crimson imps
  A lava snake (D:9)
  2 bullfrog zombies (D:10)
  2 quasits
  2 jellies (D:12)
  20 orc priests
  4 hounds
  3 centaur skeletons
  9 iguanas
  20 orc wizards
  5 hell rats (Lair:6)
  6 worker ants
  3 small abominations (Abyss:2)
  A hound zombie (D:6)
  2 hound skeletons
  A worker ant zombie (D:3)
  3 gnolls
  16 adders
  3 shadow imps
  2 oozes (D:1)
  An adder zombie (D:6)
  6 worms
  3 dart slugs
  13 leopard geckos
  89 orcs
  5 ball pythons (D:3)
  8 bats
  9 giant cockroaches
  6 goblins
  3 hobgoblins (D:2)
  6 jackals
  9 kobolds
  4 quokkas
  12 frilled lizards
  2 jackal skeletons
  A leopard gecko skeleton (D:5)
  6 rats
684 creatures vanquished.

Vanquished Creatures (collateral kills)
  The ghost of Dickchan the Impaler, a journeyman MfFi of Dithmenos (Lair:4)
  An entropy weaver (Lair:4)
  5 orc high priests
  A thrashing horror (Abyss:2)
  2 starcursed masses (Abyss:2)
  2 orc knights (Orc:2)
  3 deep elf magi (Elf:1)
  4 orc sorcerers (Orc:2)
  An ancient zyme (Abyss:2)
  A small abomination (Abyss:2)
  A neqoxec (Abyss:2)
  A large abomination (Abyss:2)
  5 orc warriors (Orc:2)
  An orc priest (Orc:2)
  3 orc wizards (Orc:2)
  An orc (Orc:2)
33 creatures vanquished.

Vanquished Creatures (others)
  A dancing weapon (Elf:1)
  Sonja (Lair:1)
  2 deep elf knights (Elf:1)
  3 deep elf archers (Elf:1)
  2 deep elf magi (Elf:1)
  A small abomination (Abyss:2)
  9 fungi
  A plant (Lair:3)
20 creatures vanquished.

Grand Total: 737 creatures vanquished

Notes
Turn   | Place    | Note
-------+----------+-------------------------------------------
     0 | D:1      | Kohma the Gargoyle Fighter began the quest for the Orb.
     0 | D:1      | Reached XP level 1. HP: 14/14 MP: 1/1
    49 | D:1      | Reached XP level 2. HP: 17/19 MP: 2/2
   361 | D:1      | Reached XP level 3. HP: 23/23 MP: 3/3
   964 | D:2      | Reached skill level 4 in Shields
  1039 | D:2      | Reached XP level 4. HP: 28/28 MP: 4/4
  1329 | D:2      | Found a bloodstained altar of Trog.
  1357 | D:2      | Became a worshipper of Trog the Wrathful
  1923 | D:2      | Reached XP level 5. HP: 32/32 MP: 5/5
  2109 | D:3      | Found a shimmering altar of Xom.
  2109 | D:3      | Found a shimmering altar of Xom.
  2109 | D:3      | Found a shimmering altar of Xom.
  2110 | D:3      | Found a shimmering altar of Xom.
  2110 | D:3      | Found a shimmering altar of Xom.
  2117 | D:3      | Found a shimmering altar of Xom.
  2117 | D:3      | Found a shimmering altar of Xom.
  2642 | D:3      | Reached * piety under Trog
  2699 | D:3      | Found a sacrificial altar of Ru.
  2743 | D:3      | Found an ancient bone altar of Kikubaaqudgha.
  2939 | D:3      | Reached XP level 6. HP: 31/37 MP: 6/6
  3048 | D:3      | Reached skill level 5 in Armour
  3048 | D:3      | Reached skill level 5 in Shields
  3566 | D:4      | Found an opulent altar of Gozag.
  3566 | D:4      | Found a sparkling altar of Nemelex Xobeh.
  3637 | D:4      | Reached ** piety under Trog
  3835 | D:4      | Found a blossoming altar of Fedhas.
  3933 | D:5      | Entered Level 5 of the Dungeon
  4046 | D:5      | Reached XP level 7. HP: 40/41 MP: 7/7
  4133 | D:5      | Reached skill level 5 in Maces & Flails
  4292 | D:5      | Noticed Blork the orc
  4306 | D:5      | Killed Blork the orc
  4306 | D:5      | Reached skill level 6 in Shields
  4316 | D:5      | Found an ornate altar of the Wu Jian Council.
  4348 | D:5      | Noticed Eustachio
  4382 | D:5      | Reached XP level 8. HP: 42/46 MP: 8/8
  5018 | D:5      | Killed Eustachio
  5018 | D:5      | Reached skill level 7 in Shields
  5175 | D:5      | Found a staircase to the Ecumenical Temple.
  5179 | Temple   | Entered the Ecumenical Temple
  5743 | D:6      | Noticed Edmund
  5766 | D:6      | Killed Edmund
  5766 | D:6      | Reached skill level 8 in Shields
  6084 | D:6      | Reached XP level 9. HP: 39/51 MP: 9/9
  6342 | D:6      | Found a glowing drain.
  6627 | D:7      | Found a shadowy altar of Dithmenos.
  6742 | D:7      | Reached skill level 9 in Shields
  6786 | D:7      | Noticed Menkaure
  6796 | D:7      | Killed Menkaure
  6833 | D:7      | Noticed Prince Ribbit
  6848 | D:7      | Killed Prince Ribbit
  6893 | D:7      | Found a snail-covered altar of Cheibriados.
  7241 | D:7      | Found an ancient bone altar of Kikubaaqudgha.
  7858 | D:8      | Got an encrusted ring mail
  7924 | D:8      | Reached skill level 10 in Shields
  8030 | D:8      | Noticed a two-headed ogre
  8048 | D:8      | Killed a two-headed ogre
  8048 | D:8      | Reached XP level 10. HP: 45/56 MP: 10/10
  8316 | D:8      | Reached *** piety under Trog
  8356 | D:8      | Reached skill level 10 in Maces & Flails
  8483 | D:8      | Identified a scroll of acquirement
  8495 | D:8      | Identified the +9 ring mail "Rosum" {rF+ rN++} (You found it on level 8 of the Dungeon)
  8657 | D:8      | Found Seopn's General Store.
  8661 | D:8      | Bought a cursed +0 pair of boots for 22 gold pieces
  8715 | D:8      | Found an iron altar of Okawaru.
  9394 | D:9      | Noticed Joseph
  9400 | D:9      | Reached skill level 11 in Shields
  9422 | D:9      | Killed Joseph
  9433 | D:9      | Found a hazy altar of Hepliaklqana.
  9458 | D:9      | Noticed a two-headed ogre
  9478 | D:9      | Killed a two-headed ogre
  9648 | D:9      | Noticed a molten gargoyle
  9648 | D:9      | Noticed an orange crystal statue
  9649 | D:9      | Noticed a molten gargoyle
  9676 | D:9      | Killed a molten gargoyle
  9693 | D:9      | Killed a molten gargoyle
  9704 | D:9      | Reached skill level 12 in Shields
  9815 | D:9      | Noticed a molten gargoyle
  9830 | D:9      | Noticed a molten gargoyle
  9839 | D:9      | Killed a molten gargoyle
  9845 | D:9      | Killed a molten gargoyle
  9845 | D:9      | Reached XP level 11. HP: 23/60 MP: 11/11
 10365 | D:9      | Killed an orange crystal statue
 10725 | D:9      | Found a staircase to the Orcish Mines.
 10824 | D:9      | Noticed Pikel
 10874 | D:9      | Killed Pikel
 10880 | D:9      | Reached skill level 13 in Shields
 11010 | D:9      | Found a shattered altar of Ashenzari.
 11058 | D:10     | Entered Level 10 of the Dungeon
 11083 | D:10     | Noticed a two-headed ogre
 11090 | D:10     | Killed a two-headed ogre
 11569 | D:10     | Reached **** piety under Trog
 12438 | D:11     | Noticed a red ugly thing
 12542 | D:11     | Noticed a two-headed ogre
 12559 | D:10     | Killed a two-headed ogre
 12697 | D:11     | Killed a red ugly thing
 12697 | D:11     | Reached skill level 14 in Shields
 12697 | D:11     | Reached XP level 12. HP: 64/64 MP: 12/12
 13126 | D:11     | Found a staircase to the Lair.
 14460 | D:12     | Reached ***** piety under Trog
 14744 | D:12     | Received a gift from Trog
 14792 | D:12     | Noticed a two-headed ogre
 14802 | D:12     | Killed a two-headed ogre
 14876 | D:12     | Reached skill level 15 in Shields
 15357 | D:13     | Noticed a tengu warrior
 15383 | D:13     | Killed a tengu warrior
 15383 | D:13     | Reached skill level 1 in Evocations
 15470 | Lair:1   | Entered Level 1 of the Lair of Beasts
 15470 | Lair:1   | Noticed Sonja
 15486 | Lair:1   | Killed Sonja
 15918 | Lair:1   | Noticed a seven-headed hydra
 15977 | Lair:1   | Killed a seven-headed hydra
 15977 | Lair:1   | Reached skill level 5 in Fighting
 15977 | Lair:1   | Reached XP level 13. HP: 72/72 MP: 14/14
 17021 | Lair:2   | Found a staircase to the Swamp.
 18381 | Lair:3   | Received a gift from Trog
 19734 | Lair:4   | Found a hole to the Spider Nest.
 19768 | Lair:4   | Noticed Dickchan's ghost (journeyman MfFi)
 19803 | Lair:4   | Killed Dickchan's ghost
 20879 | Lair:5   | Reached skill level 10 in Armour
 21116 | Lair:5   | Gained mutation: Your large and strong wings let you fly indefinitely. [Gargoyle growth]
 21116 | Lair:5   | Reached XP level 14. HP: 45/86 MP: 17/17
 21416 | Lair:6   | Entered Level 6 of the Lair of Beasts
 21445 | Lair:6   | Reached skill level 5 in Evocations
 21649 | Lair:6   | Reached skill level 10 in Fighting
 21668 | Lair:6   | Received a gift from Trog
 22017 | Lair:6   | Found a labyrinth entrance.
 22019 | Lair:6   | Found a staircase to the Slime Pits.
 23390 | Spider:1 | Entered Level 1 of the Spider Nest
 23390 | Spider:1 | Noticed an entropy weaver
 23541 | Lair:4   | Killed an entropy weaver
 23901 | Orc:1    | Entered Level 1 of the Orcish Mines
 24440 | Orc:1    | Found Kesh's Jewellery Shop.
 24524 | Orc:2    | Entered Level 2 of the Orcish Mines
 24613 | Orc:2    | Found a staircase to the Elven Halls.
 24663 | Orc:1    | Received a gift from Trog
 25576 | Orc:2    | Found a runed door.
 25930 | Orc:2    | Found a roughly hewn altar of Beogh.
 26156 | Orc:2    | Found Justuxec's Armour Emporium.
 26205 | Orc:2    | Received a gift from Trog
 26219 | Orc:2    | Reached XP level 15. HP: 52/96 MP: 20/20
 26307 | Orc:2    | Found Daeplua's Antique Weapon Boutique.
 26312 | Orc:2    | Found Joghu's Book Boutique.
 26316 | Orc:2    | Found Liveam's Book Emporium.
 26341 | Orc:2    | Bought a +0 large shield for 58 gold pieces
 26994 | Elf:1    | Entered Level 1 of the Elven Halls
 27053 | Elf:1    | Reached skill level 1 in Dodging
 27423 | Elf:1    | Found Rasain's Armour Boutique.
 27566 | Elf:1    | Noticed a deep elf sorcerer
 27580 | Elf:1    | Killed a deep elf sorcerer
 27580 | Elf:1    | Reached skill level 16 in Shields
 27963 | Elf:1    | Noticed Donald
 27984 | Elf:1    | Killed Donald
 28848 | Elf:2    | Noticed a deep elf sorcerer
 28849 | Elf:2    | Cast into level 2 of the Abyss (a deep elf demonologist)
 29153 | Abyss:2  | Reached skill level 17 in Shields
 29178 | Abyss:2  | Noticed a tentacled starspawn
 29220 | Abyss:2  | Noticed a bone dragon
 29226 | Abyss:2  | Paralysed by you for 4 turns
 29279 | Abyss:2  | Gained mutation: [Your spells are much easier to cast, but much less powerful.] [a neqoxec]
 29426 | Abyss:2  | Lost mutation: [Your spells are much easier to cast, but much less powerful.] [potion of mutation]
 29426 | Abyss:2  | Gained mutation: Your muscles are strong. (Str +2) [potion of mutation]
 29427 | Abyss:2  | Lost mutation: Your muscles are strong. (Str +2) [potion of mutation]
 29427 | Abyss:2  | Gained mutation: You are partially covered in large bone plates. (SH +4) [potion of mutation]
 29462 | Abyss:2  | Reached skill level 5 in Dodging
 29761 | Abyss:2  | Killed from afar by a hellion

Skill      XL: |  1  2  3  4  5  6  7  8  9 10 11 12 13 14 15 |
---------------+----------------------------------------------+-----
Armour         | 4 5 6 10 12 | 12.5
Shields        | 4 5 6 8 10 12 14 15 17 | 17.1
Maces & Flails | 3 4 6 7 9 11 12 14 | 14.0
Fighting       | 5 9 11 | 11.8
Evocations     | 2 4 6 |  6.7
Dodging        | 5 |  5.0

Action                   |  1- 3 |  4- 6 |  7- 9 | 10-12 | 13-15 || total
-------------------------+-------+-------+-------+-------+-------++-------
Melee: Flail             |   125 |   383 |   169 |  1059 |  1134 ||  2870
       Dire flail        |       |       |   162 |    33 |       ||   195
       Mace              |       |       |       |       |   938 ||   938
 Fire: Hunting sling     |       |       |       |    50 |       ||    50
Invok: Burn Spellbooks   |       |     1 |       |     2 |     4 ||     7
       Berserk           |       |       |    10 |    12 |    15 ||    37
       Trog's Hand       |       |       |     6 |     4 |    11 ||    21
       Brothers in Arms  |       |       |       |       |    15 ||    15
 Abil: Fly               |       |       |       |       |     4 ||     4
       Stop Flying       |       |       |       |       |     3 ||     3
Evoke: Wand              |       |       |       |     4 |       ||     4
  Use: Scroll            |       |     5 |     8 |    10 |    13 ||    36
       Potion            |       |       |       |       |     4 ||     4
 Stab: Distracted        |       |       |       |       |     3 ||     3
  Eat: Chunk             |     1 |    25 |    22 |    40 |    27 ||   115
       Ration            |       |     1 |       |       |    14 ||    15
Armor: Scale mail        |    98 |    76 |       |       |       ||   174
       Chain mail        |       |   151 |   392 |    11 |       ||   554
       Ring mail         |       |       |       |   391 |   835 ||  1226
Dodge: Dodged            |    44 |   106 |   185 |   476 |   777 ||  1588
Block: Shield            |    97 |     3 |       |   105 |  1532 ||  1737
       Buckler           |       |    79 |    60 |   366 |       ||   505
       Reflection        |       |       |       |     4 |    57 ||    61
       Large shield      |       |       |       |       |   458 ||   458
